 Dungeon Crawl Stone Soup version 0.19.1-1-g22dce08 (webtiles) character file.

396 nikopol the Skirmisher (level 6, -8/40 HPs)
             Began as a Gargoyle Berserker on Jan 13, 2017.
             Was a Priest of Trog.
             Mangled by a mummy (12 damage)
             ... in an ossuary.
             The game lasted 00:06:45 (2582 turns).

nikopol the Skirmisher (Gargoyle Berserker)         Turns: 2582, Time: 00:06:46

Health: -8/40      AC: 15    Str: 21    XL:     6   Next: 83%
Magic:  6/6        EV:  9    Int:  7    God:    Trog [***...]
Gold:   228        SH:  0    Dex: 11    Spells: 0 memorised, 5 levels left

rFire  . . .     SeeInvis .     a - +0 hand axe
rCold  . . .     Gourm    .     k - +0 chain mail
rNeg   + . .     Faith    .     (no shield)
rPois  ∞         Spirit   .     f - +0 helmet
rElec  +         Reflect  .     (no cloak)
rCorr  .         Harm     .     (no gloves)
MR     .....                    (no boots)
Stlth  ..........               (no amulet)
                                (no ring)
                                (no ring)

@: no status effects
A: negative energy resistance 1, electricity resistance, unbreathing,
petrification resistance, rot immunity, AC +4
a: Berserk, Trog's Hand, Burn Spellbooks, Renounce Religion


You were in an ossuary.
You worshipped Trog.
Trog was most pleased with you.
You were near starving.

You visited 1 branch of the dungeon, and saw 4 of its levels.
You also visited: Ossuary.

You collected 228 gold pieces.

Inventory:

Hand Weapons
 a - a +0 hand axe (weapon)
Armour
 b - a +0 animal skin
 f - a +0 helmet (worn)
 k - a +0 chain mail (worn)
Scrolls
 e - a scroll of teleportation
 g - a scroll of fear
 l - 3 scrolls of identify {unknown}
 n - a scroll of remove curse {unknown}
 q - a scroll of noise {unknown}
Potions
 h - 2 potions of lignification {unknown}
 j - a potion of haste {unknown}
 m - 2 potions of brilliance {unknown}
 o - 2 potions of degeneration {unknown}
 p - a potion of agility {unknown}
 r - a potion of resistance {unknown}
 s - a potion of magic {unknown}
Comestibles
 c - a bread ration
 d - 3 meat rations
 t - 17 fruits


   Skills:
 + Level 4.9 Fighting
 + Level 4.0 Axes
 + Level 4.4 Armour
 + Level 3.0 Dodging


You had 5 spell levels left.
You didn't know any spells.

Dungeon Overview and Level Annotations

Branches:
Dungeon (4/15)
 Temple: D:4-7

Altars:
Hepliaklqana
Uskayaw


Innate Abilities, Weirdness & Mutations

You are resistant to torment.
Your stone body is resilient. (AC +4)
You are immune to poison.
You resist negative energy. (rN+)
You are resistant to electric shocks. (rElec)
You can survive without breathing.
You are immune to petrification.
You are immune to rotting.


Message History

You hit the mummy but do no damage. x2; You hit the mummy.
The mummy barely misses you. x2; The mummy hits you.
You hit the mummy.
The mummy is heavily damaged.
You hit the mummy. You closely miss the mummy.
Your chain mail prevents you from hitting the mummy.
The mummy hits you. The mummy hits you but does no damage.
You hit the mummy.
The mummy is severely damaged.
You barely miss the mummy.
You hit the mummy. x2; The mummy barely misses you.
The mummy misses you.
You hit the mummy.
The mummy is almost destroyed.
You hit the mummy but do no damage. You barely miss the mummy.
Your chain mail prevents you from hitting the mummy.
You hit the mummy but do no damage. The mummy hits you! The mummy hits you.
The mummy hits you!
* * * LOW HITPOINT WARNING * * *
The mummy hits you!
You die...

#.###### ###....# ..........
..# '.'....# ......... #..#
#.#....# ..!?!.... #..#
#.#....# .!!$!!... +..#
######## .!$∩$!..########..#
'.'....# .?!$!!.......#.#..#
#.#....# ..!!!.MM.....#.#..#
#.#....# ......M@.....'.'..#
###....# ......MM'....###..#
'.#######...#......####.#..#
#.#....#....#.........#.#..#
#.#....#....#....#....'.'..#
###....#....#....#....###..#
'.#....#....#....#....#.#..#
#.#'#######'#'#########.#..#
#...#...#...#...#...#...#..#


You could see 5 mummies.

Vanquished Creatures
  A howler monkey (D:3)
  2 centaur zombies (Ossuary)
  Jessica (D:3)
  2 orc wizards (D:3)
  A worker ant (D:4)
  A big kobold zombie (Ossuary)
  2 ogre zombies (Ossuary)
  A mummy (Ossuary)
  3 gnolls (D:3)
  3 adders (D:2)
  4 adder zombies
  A dart slug (D:1)
  A leopard gecko (D:2)
  2 orcs
  6 giant cockroaches
  4 goblins
  2 hobgoblins (D:2)
  6 kobolds
  A quokka (D:4)
  3 ball pythons (D:1)
  A ball python skeleton (D:4)
  8 bats
  3 frilled lizards
  2 goblin zombies (Ossuary)
  2 hobgoblin zombies (Ossuary)
  2 kobold zombies (Ossuary)
  2 quokka zombies (Ossuary)
  4 rats
  3 rat zombies (Ossuary)
74 creatures vanquished.

Notes
Turn   | Place    | Note
-------+----------+-------------------------------------------
     0 | D:1      | nikopol the Gargoyle Berserker began the quest for the Orb.
     0 | D:1      | Reached XP level 1. HP: 14/14 MP: 1/1
   221 | D:1      | Reached XP level 2. HP: 19/19 MP: 2/2
   628 | D:1      | Reached XP level 3. HP: 23/23 MP: 3/3
  1226 | D:2      | Reached XP level 4. HP: 28/29 MP: 4/4
  1357 | D:3      | Noticed Jessica
  1365 | D:3      | Reached ** piety under Trog
  1365 | D:3      | Reached XP level 5. HP: 29/33 MP: 5/5
  1377 | D:3      | Killed Jessica
  1927 | D:3      | Found a hide-covered altar of Uskayaw.
  1927 | D:3      | Found a hazy altar of Hepliaklqana.
  2097 | D:4      | Reached XP level 6. HP: 39/39 MP: 6/6
  2120 | D:4      | Found a sand-covered staircase.
  2126 | Ossuary  | Entered an ossuary
  2569 | Ossuary  | Reached *** piety under Trog
  2582 | Ossuary  | Mangled by a mummy

Skill      XL: |  1  2  3  4  5  6 |
---------------+-------------------+-----
Axes           | 3 4 |  4.0
Armour         | 3 4 |  4.4
Dodging        | 2 3 |  3.0
Fighting       | 4 |  4.9

Action                   |  1- 3 |  4- 6 || total
-------------------------+-------+-------++-------
Melee: Hand axe          |   129 |   238 ||   367
  Use: Scroll            |       |     3 ||     3
  Eat: Chunk             |     1 |     3 ||     4
Armor: Animal skin       |    51 |       ||    51
       Chain mail        |    32 |   141 ||   173
Dodge: Dodged            |   100 |    88 ||   188
